 Dungeon Crawl Stone Soup version 0.31-a0-977-gc230f8ef24 (webtiles) character file.

Game seed: 4455900649668497707

46 BinkBink the Shooter (level 3, -3/29 HPs)
             Began as a Barachi Hunter on Oct 29, 2023.
             Was an Initiate of Qazlal.
             Killed from afar by Natasha (7 damage)
             ... with a magic dart
             ... on level 2 of the Dungeon.
             The game lasted 00:01:30 (974 turns).

BinkBink the Shooter (Barachi Hunter)                Turns: 974, Time: 00:01:31

Health: -3/29      AC:  0    Str: 12    XL:     3   Next: 66%
Magic:  3/3        EV: 13    Int:  9    God:    Qazlal [......]
Gold:   125        SH:  0    Dex: 17    Spells: 2/2 levels left

rFire   . . .        a - +0 shortbow
rCold   . . .        (shield currently unavailable)
rNeg    + . .        (no body armour)
rPois   .            (no helmet)
rElec   .            (no cloak)
rCorr   .            (no gloves)
SInv    .            (no boots)
Will    .....        (no amulet)
Stlth   ++           d - ring of positive energy
HPRegen 0.24/turn    (no ring)
MPRegen 0.08/turn

%: no passive effects
@: unable to hop, slowed, very slow
A: amphibious, slowness 1, strong legs 1, +LOS
a: Hop, Renounce Religion


You were on level 2 of the Dungeon.
You worshipped Qazlal.
Qazlal was noncommittal.
You visited 1 branch of the dungeon, and saw 2 of its levels.

You collected 125 gold pieces.

Inventory:

Hand Weapons
 a - a +0 shortbow (weapon)
Jewellery
 d - a ring of positive energy (left hand)
 h - a ring of protection from cold
Scrolls
 b - a scroll of butterflies
 c - a scroll of enchant weapon {unknown}
 e - a scroll of identify {unknown}
Potions
 f - a potion of lignification {unknown}
 g - a potion of curing {unknown}
 i - a potion of invisibility {unknown}


   Skills:
 + Level 3.0 Fighting
 * Level 4.5 Ranged Weapons
 + Level 2.7 Dodging
 + Level 1.5 Stealth


You had 2 spell levels left.
You didn't know any spells.
Your spell library contained the following spells:

 Spells                   Type           Power      Damage    Failure   Level
 Apportation              Tloc           0%         N/A       38%         1
 Freeze                   Ice            0%         1d3       38%         1
 Jinxbite                 Hex            0%         N/A       52%         2
 Frozen Ramparts          Ice            0%         1d1       77%         3
 Hailstorm                Conj/Ice       0%         3d3       77%         3
 Alistair's Intoxication  Tmut/Pois      0%         N/A       100%        5


Dungeon Overview and Level Annotations

Branches:
Dungeon (2/15)

Altars:
Qazlal

Annotations:
D:2 Natasha


Innate Abilities, Weirdness & Mutations

You are amphibious.
You cover ground slowly.
You can hop short distances.
You have an extended range of vision and can be seen from far away.


Message History

You shoot an arrow. The arrow closely misses Natasha.
You shoot an arrow. The arrow hits Natasha.
Natasha is moderately wounded.
Natasha casts a spell at you. The magic dart hits you!
You shoot an arrow. The arrow barely misses Natasha.
Natasha mumbles some strange words.
You shoot an arrow. The arrow barely misses Natasha.
Natasha barely misses you.
The cerulean imp hits you with a +1 spear.
Natasha claws you.
You shoot an arrow.
The arrow hits Natasha but does no damage.
Natasha is moderately wounded.
The cerulean imp closely misses you. Natasha closely misses you.
The cerulean imp barely misses you. Natasha claws you!
You are too injured to fight recklessly!
You are too injured to fight recklessly!
You shoot an arrow. The arrow barely misses Natasha.
The cerulean imp hits you with a +1 spear.
* * * LOW HITPOINT WARNING * * *
Natasha claws you.
* * * LOW HITPOINT WARNING * * *
The cerulean imp completely misses you.
Hop to where?
Press: ? - help, Dir - move target, p - Natasha Boing!
Your legs are too worn out to hop.
Fire: a) +0 shortbow
Press: ? - help, Shift-Dir - straight line, f - Natasha
Aim: Natasha (moderately wounded, 56% to hit)
You shoot an arrow. The arrow hits Natasha.
Natasha is severely wounded.
Fire: a) +0 shortbow
Press: ? - help, Shift-Dir - straight line, f/p - Natasha
Aim: Natasha (severely wounded, 56% to hit)
You shoot an arrow. The arrow barely misses Natasha.
Natasha stares at you and mumbles some strange words.
The magic dart hits you!
You die...
Natasha curls up and begins to purr.

.........###.#########.#..
###....[.......# ###.#..
...............# #......
#............# #......
#.##.####°......######......
................##.......#..
#########.5##..###.#####.#..
#######.h##..#............
.........@.............###
###########†.#.######..#
#............# #..#
#............# #..#
#............# #..#
###........#...# #..#
#.†.......#_#..# #..#
########.#.......#....# #...
#...........####.#..#######.#


You could see Natasha and a cerulean imp (summoned).

Vanquished Creatures
  An adder (D:2)
  2 dart slugs
  An endoplasm (D:1)
  2 giant cockroaches
  6 goblins
  2 hobgoblins (D:2)
  3 kobolds
  2 quokkas (D:1)
  6 ball pythons
  2 bats (D:1)
  4 frilled lizards
  A rat (D:1)
32 creatures vanquished.

Notes
Turn   | Place    | Note
-------+----------+-------------------------------------------
     0 | D:1      | BinkBink the Barachi Hunter began the quest for the Orb.
     0 | D:1      | Reached XP level 1. HP: 17/17 MP: 1/1
    88 | D:1      | Reached skill level 1 in Stealth
   134 | D:1      | Reached XP level 2. HP: 23/23 MP: 2/2
   637 | D:2      | Reached XP level 3. HP: 28/28 MP: 3/3
   640 | D:2      | Found a stormy altar of Qazlal.
   650 | D:2      | Became a worshipper of Qazlal Stormbringer
   902 | D:2      | Found a faded altar of an unknown god.
   963 | D:2      | Noticed Natasha
   974 | D:2      | Killed from afar by Natasha

Illustrated notes

Levels and vault maps discovered:
D:1:      amcnicky_arrival_blooded_trapdoor, layout_loops_ring,
          minmay_pentomino_o2
D:2:      layout_basic, ebering_ecumenical_altar_rust, basic_altar,
          dreamdust_wishing_well, uniq_natasha

Skill      XL: |  1  2  3 |
---------------+----------+-----
Stealth        | 1 |  1.5
Fighting       | 3 |  3.0
Ranged Weapons | |  4.5
Dodging        | |  2.7

Action                     || total
---------------------------++-------
   Fire: Shortbow          ||    79
Ability: Hop               ||     1
 Armour: Skin              ||    13
  Dodge: Dodged            ||    10

Table legend: (Time is in decaauts)
 A = Elapsed time spent in this place.
 B = Non-inter-level travel time spent in this place.
 C = Inter-level travel time spent in this place.
 D = Time resting spent in this place.
 E = Time spent auto-exploring this place.
 F = Levels seen in this place.
 G = Mean time per level.
                   A        B        C        D        E       F      G
               +--------+--------+--------+--------+--------+-----+--------+
         Total |   1159 |   1100 |     59 |      0 |    925 |   2 |  579.5 |
       Dungeon |   1159 |   1100 |     59 |      0 |    925 |   2 |  579.5 |
               +--------+--------+--------+--------+--------+-----+--------+

Top non-repeatable levels by time:
     D:1: 753 daAuts
     D:2: 405 daAuts
